 Dungeon Crawl Stone Soup version 0.28.0-53-g5a82cb258f (webtiles) character file.

Game seed: 14621985588206339361

157 DocClef the Skirmisher (level 5, -1/44 HPs)
             Began as a Demonspawn Gladiator on July 6, 2022.
             Slain by an orc
             ... wielding a +0 short sword
              (3 damage)
             ... on level 4 of the Dungeon.
             The game lasted 00:02:35 (3329 turns).

DocClef the Skirmisher (Demonspawn Gladiator)       Turns: 3329, Time: 00:02:35

Health: -1/44      AC:  6    Str: 16    XL:     5   Next: 15%
Magic:  5/5        EV: 16    Int: 10    God:
Gold:   145        SH:  0    Dex: 14    Spells: 4/4 levels left

rFire   . . .      SeeInvis .   l - +0 demon trident (venom)
rCold   . . .      Faith    .   (no shield)
rNeg    + . .      Spirit   .   b - +0 leather armour
rPois   .          Reflect  .   (helmet restricted)
rElec   .          Harm     .   n - +0 cloak
rCorr   .          Rampage  .   (no gloves)
Will    .....                   (no boots)
Stlth   +.........              (no amulet)
HPRegen 0.14/turn               e - ring of positive energy
MPRegen 0.09/turn               j - +4 ring of evasion

@: confused, hasted, very quick
A: horns 2, molten scales 1, ignite blood 1
a: no special abilities


You were on level 4 of the Dungeon.
You visited 1 branch of the dungeon, and saw 4 of its levels.

You collected 145 gold pieces.

Inventory:

Hand Weapons
 a - a +0 war axe
 l - a +0 demon trident of venom (weapon)
Missiles
 d - 3 throwing nets (quivered)
Armour
 b - a +0 leather armour (worn)
 c - a +0 helmet
 n - a +0 cloak (worn)
Jewellery
 e - a ring of positive energy (left hand)
 j - a +4 ring of evasion (right hand)
Scrolls
 g - 2 scrolls of fog {unknown}
 h - a scroll of teleportation {unknown}
 i - 3 scrolls of identify {unknown}
 k - a scroll of magic mapping {unknown}
 o - a scroll of torment {unknown}
Potions
 m - a potion of attraction {unknown}
 p - a potion of magic {unknown}


   Skills:
 - Level 5.1 Fighting
 - Level 2.6(2.9) Axes
 + Level 1.3(2.2) Polearms
 - Level 1.7 Throwing
 - Level 2.6 Dodging


You had 4 spell levels left.
You didn't know any spells.
Your spell library contained the following spells:

 Spells                   Type           Power      Damage    Failure   Level
 Animate Skeleton         Necr           0%         N/A       43%         1
 Apportation              Tloc           0%         N/A       43%         1
 Beastly Appendage        Tmut           0%         N/A       43%         1
 Summon Small Mammal      Summ           0%         N/A       43%         1
 Wereblood                Tmut           0%         N/A       56%         2
 Spider Form              Tmut/Pois      0%         N/A       80%         3


Dungeon Overview and Level Annotations

Branches:
Dungeon (4/15)
 Temple: D:4-7

Altars:

Shops:
D:4 *

Annotations:
D:3 1 runed translucent door, Crazy Yiuf


Innate Abilities, Weirdness & Mutations

You have a pair of horns on your head.
You are partially covered in molten scales. (AC +2)
Your demonic aura sometimes causes spilled blood to erupt in flames.


Message History

You're too confused to move!
Something closely misses you.
You completely miss something.
You hear some strange, mumbled words.
A puff of flame appears from out of thin air!
The puff of flame hits you. Something hits you but does no damage.
You bump into the rock wall.
You hear some strange, mumbled words.
A puff of flame appears from out of thin air!
The puff of flame hits you. Something closely misses you.
You hear some strange, mumbled words.
A puff of flame appears from out of thin air!
The puff of flame hits you.
You bump into the rock wall.
You bump into the rock wall.
You hear some strange, mumbled words.
A magic dart appears from out of thin air!
The magic dart hits you.
* * * LOW HITPOINT WARNING * * *
You closely miss something. Your headbutt misses something.
You feel less confused. Something hits you.
* * * LOW HITPOINT WARNING * * *
You barely miss something. Your headbutt misses something.
You hear some strange, mumbled words.
You are confused.
The orc closely misses you.
You're too confused to move!
Something hits you but does no damage. The orc barely misses you.
You're too confused to move!
You hear some strange, mumbled words.
A magic dart appears from out of thin air!
The magic dart hits you.
* * * LOW HITPOINT WARNING * * *
The orc hits you with a +0 short sword.
* * * LOW HITPOINT WARNING * * *
It was a potion of haste.
You feel yourself speed up. Something hits you.
* * * LOW HITPOINT WARNING * * *
The orc hits you with a +0 short sword.
You die...

.#.# .... .. ##### ...#
###!####.# ....
#....##.o..[...# #..
............)..###
##.#####.#..####.##.#.....
...<........# #....# ####
#...........######.##
....###........###.# #.###
##.#..#..@{r# #.#
#....(...o.#### ..#
####.##.......###########
..##
#....#..#........##...
...#
###..##.#.##...####...
##.## #..##...##.### #...
##..# ##..###..##.# #...
##(## ##....##..##.# #...
#..# #####..##.##..##.#
#...


You could see an orc and a quokka.

Vanquished Creatures
  An iguana (D:4)
  An orc wizard (D:3)
  An adder (D:2)
  A shadow imp (D:3)
  An ufetubus (D:2)
  An adder skeleton (D:4)
  A worm (D:2)
  3 dart slugs
  5 orcs
  6 ball pythons
  3 endoplasms
  13 giant cockroaches
  3 goblins
  7 hobgoblins
  3 quokkas
  A ball python skeleton (D:2)
  A bat (D:3)
  2 frilled lizards (D:1)
  A jackal skeleton (D:2)
  4 kobolds
  4 rats
63 creatures vanquished.

Notes
Turn   | Place    | Note
-------+----------+-------------------------------------------
     0 | D:1      | DocClef the Demonspawn Gladiator began the quest for the
                  | Orb.
     0 | D:1      | Reached XP level 1. HP: 16/16 MP: 1/1
   538 | D:1      | Gained mutation: You have a pair of small horns on your
                  | head. [demonic ancestry]
   538 | D:1      | Reached XP level 2. HP: 14/23 MP: 2/2
   741 | D:1      | Reached skill level 3 in Fighting
  1056 | D:1      | Found a faded altar of an unknown god.
  1486 | D:2      | Gained mutation: You are partially covered in molten
                  | scales. (AC +2) [demonic ancestry]
  1486 | D:2      | Reached XP level 3. HP: 29/29 MP: 3/3
  1810 | D:2      | Reached skill level 4 in Fighting
  2174 | D:2      | Gained mutation: Your demonic aura sometimes causes spilled
                  | blood to erupt in flames. [demonic ancestry]
  2174 | D:2      | Reached XP level 4. HP: 35/38 MP: 4/4
  2779 | D:3      | Reached skill level 5 in Fighting
  2941 | D:3      | Found a runed translucent door.
  2942 | D:3      | Noticed Crazy Yiuf
  3037 | D:4      | Reached skill level 1 in Polearms
  3037 | D:4      | Gained mutation: You have a pair of horns on your head.
                  | [demonic ancestry]
  3037 | D:4      | Reached XP level 5. HP: 44/44 MP: 5/5
  3123 | D:4      | Identified the +1 hand crossbow "Otocrian" {speed, Int+3}
  3245 | D:4      | Found Cipnant's General Store.
  3329 | D:4      | HP: 2/44 [something (3)]
  3329 | D:4      | Slain by an orc

Illustrated notes

Levels and vault maps discovered:
D:1:      wheals_arrival_linesprint, layout_basic, basic_ecumenical_altar
D:2:      minmay_roachtagon, layout_loops_corners, serial_undead,
          serial_undead_e, serial_undead_f, serial_undead_b, serial_undead_d
D:3:      layout_basic, uniq_crazy_yiuf_cottage
D:4:      layout_rooms, serial_shops, shop

Skill      XL: |  1  2  3  4 |
---------------+-------------+-----
Fighting       | 3 4 5 |  5.1
Polearms       | 1 |  1.3
Axes           | |  2.6
Throwing       | |  1.7
Dodging        | |  2.6

Action                   |  1- 3 |  4- 6 || total
-------------------------+-------+-------++-------
Melee: War axe           |    89 |    47 ||   136
       Headbutt          |    10 |    11 ||    21
       Demon trident     |       |    21 ||    21
       Punch             |       |     2 ||     2
  Use: Potion            |       |     1 ||     1
Armor: Leather armour    |    32 |    21 ||    53
Dodge: Dodged            |    65 |    73 ||   138
